 Dungeon Sprint DCSS version 0.30.0-20-g3b4254fcbd (webtiles) character file.

Game seed: 887587675541644240

15000000 Groucho the Axe Maniac (level 27, -281/228 HPs)
             Began as a Djinni Warper on June 2, 2023.
             Was the Champion of Makhleb.
             Annihilated by a fleshlord
             ... wielding a +9 great mace
              (438 damage)
             ... in the Dungeon (Sprint VIII: "Arena of Blood").
             The game lasted 00:07:23 (150 turns).

Groucho the Axe Maniac (Djinni Warper)               Turns: 150, Time: 00:07:24

Health: -281/228   AC:  6    Str: 10    XL:     27
Gold:   0          EV: 30    Int: 23    God:    Makhleb [******] SH:  0 Dex: 19

rFire   + + .        i - +∞ Axe of Woe
rCold   x . .        (shield currently unavailable)
rNeg    . . .        b - +0 leather armour
rPois   ∞            (no helmet)
rElec   .            (no cloak)
rCorr   .            (no gloves)
SInv    +            (boots unavailable)
Will    ++...        (no amulet)
Stlth   ++++++++++   k - ring of see invisible
HPRegen 0.58/turn    j - +200 ring of slaying
MPRegen 0.00/turn

%: no teleportation, infuse magic (-282 HP)
@: flying, slowed, very slow
A: sickness immunity, fire resistance 2, cold vulnerability 1, float, innate
caster, HP casting, extra vitality 1
a: Renounce Religion, Minor Destruction, Lesser Servant of Makhleb, Major
Destruction, Greater Servant of Makhleb


You were in the Dungeon.
You worshipped Makhleb.
Makhleb was exalted by your worship.
You visited 1 branch

Inventory:

Hand Weapons
 a - a +0 hand axe
 i - the +∞ Axe of Woe (weapon)
   (You found it in the Dungeon)
Missiles
 d - 5 boomerangs of dispersal
Armour
 b - a +0 leather armour (worn)
Jewellery
 j - a +200 ring of slaying (right hand)
 k - a ring of see invisible (left hand)
 l - a +250 ring of slaying
 m - a +200 ring of slaying
 n - a +200 ring of slaying
 o - a +200 ring of slaying
 p - a +250 ring of slaying
 q - a +200 ring of slaying
 r - a +400 ring of slaying
 s - a +400 ring of slaying
Scrolls
 c - a scroll of blinking
Potions
 e - a potion of curing
 f - a potion of heal wounds
 g - a potion of haste
 h - a potion of berserk rage


   Skills:
 O Level 27 Fighting
 O Level 27 Short Blades
 O Level 27 Long Blades
 O Level 27 Axes
 O Level 27 Maces & Flails
 O Level 27 Polearms
 O Level 27 Staves
 O Level 27 Ranged Weapons
 O Level 27 Throwing
 O Level 27 Armour
 O Level 27 Dodging
 O Level 27 Stealth
 O Level 27 Shields
 O Level 27 Unarmed Combat
 O Level 27 Spellcasting
 O Level 27 Invocations
 O Level 27 Evocations


You knew the following spells:

 Your Spells              Type           Power      Damage    Failure   Level
a - Blink                 Tloc           100%       N/A       0%          2
b - Lesser Beckoning      Tloc           100%       N/A       0%          2
c - Vhi's Electric Charg  Tloc/Air       100%       N/A       0%          3
d - Teleport Other        Tloc           100%       N/A       0%          3
e - Manifold Assault      Tloc           100%       N/A       0%          4
f - Kiss of Death         Conj/Necr      100%       2d13      0%          1
g - Momentum Strike       Conj/Tloc      100%       3d10      0%          2
h - Portal Projectile     Hex/Tloc       100%       N/A       0%          3
i - Passage of Golubria   Tloc           100%       N/A       0%          4
j - Animate Armour        Summ/Erth      100%       N/A       0%          4
k - Lee's Rapid Deconstr  Erth           50%        3d24*     0%          5
l - Plasma Beam           Fire/Air       50%        2x1d71    0%          6
m - Spellforged Servitor  Conj/Summ      50%        N/A       0%          7
n - Iron Shot             Conj/Erth      50%        9d10      0%          6
o - Monstrous Menagerie   Summ           50%        N/A       0%          7
p - Haunt                 Necr/Summ      50%        N/A       0%          7
q - Lehudib's Crystal Sp  Conj/Erth      50%        10d12     1%          8
r - Polar Vortex          Ice            50%        N/A       1%          9
Your spell library was empty.

Dungeon Overview and Level Annotations

Branches:
Dungeon (1/1)

Altars:
Makhleb


Innate Abilities, Weirdness & Mutations

You are immune to sickness and miasma.
You are immune to poison.
Your flesh is very heat resistant. (rF++)
You are vulnerable to cold. (rC-)
You float through the air rather than walking.
You learn spells naturally, not from books.
Your magical power is your life essence.
You have superior vitality. (+4 MHP)


Message History

You hear a shout! x3
The meat berserker completely misses you.
You hear a shout! x2
Things that are here:
a +9 great mace; a +400 ring of slaying Unknown command.
s - a +400 ring of slaying The meat berserker is engulfed in blazing flames.
You hear a shout! x2
The fleshlord points at you and mumbles some strange words.
You feel as though you will be slow longer.
You hear a shout! x4
The meat berserker hits you with a +9 battleaxe!!!!
You hear a shout!
The fleshlord casts a spell at you.
You barely resist.
You hear a shout!
The meat berserker is engulfed in blazing flames.
You hear a shout!
A bag of meat comes into view. It is wielding a +9 war axe.
You hear a shout!
A meat beast comes into view.
You hear a shout! x3
Unknown command.
The scourge hisses angrily.
You dice the meat berserker like an onion!!!!!
You hew the meat berserker savagely.
You kill the meat berserker!
Makhleb accepts your kill.
You dice the meat berserker like an onion!!!
You butcher the meat berserker messily.
You kill the meat berserker!
Makhleb accepts your kill.
The scourge appears out of thin air!
A scourge comes into view.
You hear a shout! x4
The meat beast croaks, "Slither hence whilst thou art whole!"
The fleshlord hits you with a +9 great mace!!!!!!
Ouch! That really hurt!
You die...

################
###......)........ ###
.....S...))).........#
......†##)##.#####....
......)))))..)........
###†..))##)##........
.....)S..).))).)......
#..).)...))#@#.°.....#
#..).)).....pO))°..#
.#)..).......)○.☼.....
.)#..).))..)O).z))....
..D.).......o)).).....
O.))).).).).).S).2....
.))..#)).....#)......
.†..#)))....#...o...
...###)))....###.....


You could see a meat beast (fast), 2 scourges, a fleshlord (fast), a sculptor of
flesh, 2 meat berserkers and 2 bags of meat.

Vanquished Creatures
  11 hell knights (D)
  Sigmund (D)
  12 hell beasts (D)
  Edmund (D)
  8 royal mummies (D)
  7 great orbs of eyes (D)
  7 wraiths (D)
  19 vampire knights (D)
  36 ogres (D)
  9 two-headed ogres (D)
  5 liches (D)
  8 hydras (D)
  6 phantoms (D)
  79 orcs (D)
  5 skeletal warriors (D)
  4 sea snakes (D)
218 creatures vanquished.

Notes
Turn   | Place    | Note
-------+----------+-------------------------------------------
     0 | D        | Found the +∞ Axe of Woe
     0 | D        | Groucho the Djinni Warper began the quest for the Orb.
     0 | D        | Groucho set off with the following spells memorised: Blink,
                  | Lesser Beckoning, Vhi's Electric Charge, Teleport Other,
                  | Manifold Assault.
     0 | D        | Reached XP level 1. HP: 18/18 MP: 0/0
     2 | D        | Noticed a meat berserker
     2 | D        | Noticed a bag of meat
     4 | D        | Killed a meat berserker
     4 | D        | Noticed a bag of meat
     5 | D        | Reached XP level 2. HP: 23/23 MP: 0/0
     5 | D        | Reached XP level 3. HP: 28/28 MP: 0/0
     5 | D        | Learned a level 1 spell: Kiss of Death
     5 | D        | Reached XP level 4. HP: 33/33 MP: 0/0
     5 | D        | Reached XP level 5. HP: 38/38 MP: 0/0
     5 | D        | Learned a level 2 spell: Momentum Strike
     5 | D        | Reached XP level 6. HP: 43/43 MP: 0/0
     5 | D        | Reached XP level 7. HP: 49/49 MP: 0/0
     5 | D        | Learned a level 3 spell: Portal Projectile
     5 | D        | Reached XP level 8. HP: 54/54 MP: 0/0
     5 | D        | Reached XP level 9. HP: 58/58 MP: 0/0
     5 | D        | Learned a level 4 spell: Passage of Golubria
     5 | D        | Reached XP level 10. HP: 64/64 MP: 0/0
     5 | D        | Reached XP level 11. HP: 68/68 MP: 0/0
     5 | D        | Learned a level 4 spell: Animate Armour
     5 | D        | Reached XP level 12. HP: 74/74 MP: 0/0
     5 | D        | Became a worshipper of Makhleb the Destroyer
     6 | D        | Noticed a meat berserker
     6 | D        | Killed a meat berserker
     6 | D        | Noticed a meat berserker
     7 | D        | Reached XP level 13. HP: 78/78 MP: 0/0
     7 | D        | Learned a level 5 spell: Lee's Rapid Deconstruction
     7 | D        | Noticed a bag of meat
     7 | D        | Noticed a meat berserker
     7 | D        | Noticed a meat berserker
     8 | D        | Noticed a bag of meat
    10 | D        | Killed a meat berserker
    10 | D        | Reached * piety under Makhleb
    11 | D        | Reached skill level 15 in Spellcasting
    11 | D        | Reached XP level 14. HP: 85/85 MP: 0/0
    11 | D        | Noticed a bag of meat
    11 | D        | Noticed a bag of meat
    11 | D        | Noticed a bag of meat
    11 | D        | Noticed a bag of meat
    12 | D        | Killed a meat berserker
    13 | D        | Reached XP level 15. HP: 89/89 MP: 0/0
    13 | D        | Learned a level 6 spell: Plasma Beam
    13 | D        | Noticed a meat berserker
    14 | D        | Noticed a meat berserker
    15 | D        | Reached ** piety under Makhleb
    16 | D        | Killed a meat berserker
    16 | D        | Noticed a meat berserker
    17 | D        | Reached skill level 27 in Axes
    17 | D        | Reached XP level 16. HP: 94/94 MP: 0/0
    17 | D        | Killed a meat berserker
    17 | D        | Reached *** piety under Makhleb
    17 | D        | Noticed a destroyer
    18 | D        | Reached skill level 27 in Dodging
    18 | D        | Noticed a large bag of meat
    19 | D        | Reached XP level 17. HP: 99/99 MP: 0/0
    19 | D        | Learned a level 7 spell: Spellforged Servitor
    19 | D        | Reached **** piety under Makhleb
    20 | D        | Noticed a destroyer
    20 | D        | Noticed a meat berserker
    20 | D        | Noticed a large bag of meat
    21 | D        | Killed a meat berserker
    21 | D        | Noticed a large bag of meat
    22 | D        | Reached skill level 27 in Spellcasting
    22 | D        | Noticed a destroyer
    23 | D        | Reached XP level 18. HP: 120/120 MP: 0/0
    24 | D        | Reached skill level 10 in Stealth
    24 | D        | Noticed a meat berserker
    24 | D        | Reached ***** piety under Makhleb
    24 | D        | Killed a meat berserker
    24 | D        | Killed a destroyer
    24 | D        | Noticed a meat berserker
    24 | D        | Noticed a meat berserker
    24 | D        | Noticed a meat berserker
    25 | D        | Reached XP level 19. HP: 159/159 MP: 0/0
    25 | D        | Learned a level 6 spell: Iron Shot
    25 | D        | Noticed a destroyer
    25 | D        | Noticed a destroyer
    25 | D        | Killed a meat berserker
    25 | D        | Killed a destroyer
    26 | D        | Reached XP level 20. HP: 180/180 MP: 0/0
    26 | D        | Killed a destroyer
    26 | D        | Reached ****** piety under Makhleb
    26 | D        | Noticed a large bag of meat
    27 | D        | Reached skill level 27 in Fighting
    27 | D        | Reached skill level 27 in Stealth
    27 | D        | Killed a destroyer
    27 | D        | Killed a large bag of meat
    27 | D        | Killed a destroyer
    27 | D        | Noticed a large bag of meat
    28 | D        | Reached XP level 21. HP: 110/187 MP: 0/0
    28 | D        | Learned a level 7 spell: Monstrous Menagerie
    28 | D        | Killed a meat berserker
    28 | D        | Noticed a large bag of meat
    29 | D        | Reached skill level 27 in Armour
    29 | D        | Reached skill level 27 in Invocations
    29 | D        | Reached skill level 1 in Short Blades
    29 | D        | Reached skill level 1 in Long Blades
    29 | D        | Reached skill level 1 in Maces & Flails
    29 | D        | Reached skill level 1 in Polearms
    29 | D        | Reached skill level 1 in Staves
    29 | D        | Reached skill level 1 in Ranged Weapons
    29 | D        | Reached skill level 1 in Throwing
    29 | D        | Reached skill level 1 in Shields
    29 | D        | Reached skill level 1 in Unarmed Combat
    29 | D        | Reached skill level 1 in Evocations
    29 | D        | Reached XP level 22. HP: 189/194 MP: 0/0
    30 | D        | Killed a meat berserker
    31 | D        | Reached skill level 5 in Shields
    31 | D        | Reached skill level 5 in Unarmed Combat
    31 | D        | Reached skill level 5 in Evocations
    31 | D        | Killed a meat berserker
    31 | D        | Killed a large bag of meat
    31 | D        | Noticed a destroyer
    32 | D        | Killed a meat berserker
    32 | D        | Noticed a destroyer
    33 | D        | Reached skill level 10 in Short Blades
    33 | D        | Reached skill level 10 in Long Blades
    33 | D        | Reached skill level 10 in Staves
    33 | D        | Reached XP level 23. HP: 196/201 MP: 0/0
    33 | D        | Learned a level 7 spell: Haunt
    35 | D        | Reached skill level 10 in Maces & Flails
    35 | D        | Reached skill level 10 in Polearms
    35 | D        | Reached skill level 10 in Ranged Weapons
    35 | D        | Reached skill level 10 in Throwing
    36 | D        | Killed a large bag of meat
    37 | D        | Killed a large bag of meat
    38 | D        | Reached skill level 15 in Shields
    38 | D        | Reached skill level 15 in Unarmed Combat
    38 | D        | Reached skill level 15 in Evocations
    38 | D        | Reached XP level 24. HP: 198/208 MP: 0/0
    38 | D        | Killed a large bag of meat
    38 | D        | Noticed a destroyer
    39 | D        | Killed a large bag of meat
    39 | D        | Killed a destroyer
    39 | D        | Noticed a destroyer
    40 | D        | Reached skill level 15 in Maces & Flails
    40 | D        | Reached skill level 15 in Polearms
    40 | D        | Reached skill level 15 in Ranged Weapons
    40 | D        | Reached skill level 15 in Throwing
    41 | D        | Noticed a destroyer
    41 | D        | Noticed a destroyer
    42 | D        | Noticed a destroyer
    44 | D        | Reached XP level 25. HP: 106/214 MP: 0/0
    44 | D        | Learned a level 8 spell: Lehudib's Crystal Spear
    44 | D        | Noticed an accursed
    44 | D        | Killed a destroyer
    45 | D        | Noticed a tyrant
    46 | D        | Killed a tyrant
    47 | D        | Killed a destroyer
    48 | D        | Killed a destroyer
    49 | D        | Reached XP level 26. HP: 139/221 MP: 0/0
    52 | D        | Noticed a tyrant
    53 | D        | Killed an accursed
    53 | D        | Killed a destroyer
    54 | D        | Killed a destroyer
    54 | D        | Killed a destroyer
    54 | D        | Noticed a destroyer
    55 | D        | Reached XP level 27. HP: 228/228 MP: 0/0
    55 | D        | Learned a level 9 spell: Polar Vortex
    55 | D        | Noticed an accursed
    55 | D        | Killed a tyrant
    55 | D        | Noticed an accursed
    55 | D        | Noticed a destroyer
    56 | D        | Killed a destroyer
    56 | D        | Noticed The Captor
    57 | D        | Killed a destroyer
    58 | D        | Killed an accursed
    58 | D        | Killed an accursed
    58 | D        | Killed The Captor
    59 | D        | Reached skill level 27 in Short Blades
    59 | D        | Reached skill level 27 in Long Blades
    59 | D        | Reached skill level 27 in Maces & Flails
    59 | D        | Reached skill level 27 in Polearms
    59 | D        | Reached skill level 27 in Staves
    59 | D        | Reached skill level 27 in Ranged Weapons
    59 | D        | Reached skill level 27 in Throwing
    59 | D        | Reached skill level 27 in Shields
    59 | D        | Reached skill level 27 in Unarmed Combat
    59 | D        | Reached skill level 27 in Evocations
    60 | D        | Noticed a destroyer
    61 | D        | Noticed an accursed
    64 | D        | Noticed a meat beast
    65 | D        | Noticed a dread
    65 | D        | Noticed a destroyer
    66 | D        | Killed a dread
    66 | D        | Killed a destroyer
    67 | D        | Killed a meat beast
    67 | D        | Noticed a destroyer
    68 | D        | Noticed a meat beast
    69 | D        | Noticed a meat beast
    70 | D        | Killed a destroyer
    72 | D        | Killed a meat beast
    77 | D        | Noticed a meat beast
    78 | D        | Noticed an accursed
    82 | D        | Noticed a dread
    83 | D        | Killed a meat beast
    84 | D        | Killed a meat beast
    84 | D        | Noticed a destroyer
    85 | D        | Killed a destroyer
    85 | D        | Killed a dread
    86 | D        | Killed an accursed
    87 | D        | Noticed a meat beast
    88 | D        | Noticed a tyrant
    88 | D        | Noticed a meat beast
    89 | D        | Killed a tyrant
    90 | D        | Killed a meat beast
    90 | D        | Noticed a large bag of meat
    91 | D        | Killed an accursed
    91 | D        | Killed a meat beast
    91 | D        | Killed a large bag of meat
    91 | D        | Noticed a dread
    91 | D        | Noticed a dread
    92 | D        | Killed a dread
    92 | D        | Killed a dread
    92 | D        | Noticed a destroyer
    93 | D        | Noticed a meat beast
    93 | D        | Noticed a dread
    94 | D        | Killed a destroyer
    94 | D        | Killed a dread
    94 | D        | Noticed a meat beast
    95 | D        | Killed a meat beast
    95 | D        | Noticed The Defiler
    95 | D        | Noticed a tyrant
    96 | D        | Killed a destroyer
    97 | D        | Killed a meat beast
    98 | D        | Killed The Defiler
   100 | D        | Noticed a tyrant
   102 | D        | Killed a tyrant
   102 | D        | Noticed an accursed
   103 | D        | Noticed an accursed
   107 | D        | Killed an accursed
   108 | D        | Killed an accursed
   114 | D        | Noticed an accursed
   115 | D        | Killed an accursed
   116 | D        | Noticed a meat beast
   117 | D        | Killed a meat beast
   118 | D        | Noticed a fleshlord
   118 | D        | Killed a fleshlord
   118 | D        | Noticed a meat beast
   119 | D        | Noticed a fleshlord
   119 | D        | Killed a meat beast
   119 | D        | Killed a fleshlord
   120 | D        | Noticed a fleshlord
   120 | D        | Killed a fleshlord
   121 | D        | Noticed a tyrant
   121 | D        | Noticed a dread
   122 | D        | Noticed a large bag of meat
   123 | D        | Killed a large bag of meat
   123 | D        | Killed a tyrant
   123 | D        | Killed a dread
   124 | D        | Noticed a fleshlord
   124 | D        | Killed a fleshlord
   127 | D        | Noticed a large bag of meat
   129 | D        | Noticed a fleshlord
   129 | D        | Noticed a fleshlord
   130 | D        | Killed a fleshlord
   130 | D        | Killed a fleshlord
   132 | D        | Noticed a dread
   132 | D        | Noticed a fleshlord
   132 | D        | Noticed a meat beast
   135 | D        | Noticed a meat beast
   136 | D        | Noticed a fleshlord
   136 | D        | Noticed a fleshlord
   137 | D        | Killed a fleshlord
   137 | D        | Killed a meat beast
   137 | D        | Noticed a fleshlord
   138 | D        | Killed a large bag of meat
   140 | D        | Killed a meat beast
   140 | D        | Noticed a fleshlord
   142 | D        | Noticed a fleshlord
   143 | D        | Killed a dread
   144 | D        | Killed a fleshlord
   144 | D        | Killed a fleshlord
   145 | D        | Killed a fleshlord
   146 | D        | Killed a fleshlord
   146 | D        | Noticed a tyrant
   149 | D        | Noticed a meat beast
   150 | D        | Annihilated by a fleshlord

Illustrated notes

Levels and vault maps discovered:
D:        meatsprint

Skill      XL: |  1  2  3  4  5  6  7  8  9 10 11 12 13 14 15 16 17 18 19 20 21 22 23 24 25 26 27 |
---------------+----------------------------------------------------------------------------------+-----
Axes           | 17 20 22 23 27 | 27.0
Dodging        | 16 19 20 22 25 27 | 27.0
Spellcasting   | 12 14 15 16 18 22 27 | 27.0
Fighting       | 8 21 26 27 | 27.0
Stealth        | 7 19 24 27 | 27.0
Armour         | 23 27 | 27.0
Invocations    | 23 27 | 27.0
Short Blades   | 1 10 13 17 20 23 27 | 27.0
Long Blades    | 1 10 13 17 20 23 27 | 27.0
Maces & Flails | 1 9 12 16 18 21 27 | 27.0
Polearms       | 1 9 12 16 18 21 27 | 27.0
Staves         | 1 10 13 17 20 23 27 | 27.0
Ranged Weapons | 1 9 12 16 18 21 27 | 27.0
Throwing       | 1 9 12 16 18 21 27 | 27.0
Shields        | 1 11 15 19 22 25 27 | 27.0
Unarmed Combat | 1 11 15 19 22 25 27 | 27.0
Evocations     | 1 11 15 19 22 25 27 | 27.0

Action                     |  1- 3 |  4- 6 |  7- 9 | 10-12 | 13-15 | 16-18 | 19-21 | 22-24 | 25-27 || total
---------------------------+-------+-------+-------+-------+-------+-------+-------+-------+-------++-------
  Melee: Executioner's axe |     1 |       |       |     1 |     4 |     7 |     6 |    12 |   136 ||   167
  Throw: Boomerang         |       |       |       |       |     1 |     1 |       |       |       ||     2
   Cast: Manifold Assault  |       |       |       |       |       |       |     1 |       |    28 ||    29
    Use: Scroll            |       |       |       |       |       |       |       |       |     1 ||     1
 Armour: Leather armour    |       |       |       |       |       |       |       |       |     2 ||     2
  Dodge: Dodged            |       |       |       |       |     1 |       |       |       |     5 ||     6
